 Dungeon Crawl Stone Soup version 0.24-a0-462-ge24419a6ad (console) character file.

Game seed: 11419734043479619183

443 Lexodia the Charmwright (level 7, -10/56 HPs)
             Began as a Gnoll Skald on July 1, 2019.
             Was an Initiate of Makhleb.
             Killed by nerve-wracking pain
             ... invoked by Grinder
              (16 damage)
             ... while paralysed by Grinder
             ... on level 4 of the Dungeon.
             The game lasted 00:08:51 (2641 turns).

Lexodia the Charmwright (Gnoll Skald)               Turns: 2641, Time: 00:08:52

Health: -10/56     AC: 13    Str: 16    XL:     7   Next: 2%
Magic:  15/15      EV:  2    Int: 15    God:    Makhleb [......]
Gold:   158        SH:  0    Dex: 18    Spells: 11/16 levels left

rFire    + . .     SeeInvis .   a - +1 falchion
rCold    + . .     Gourm    .   (no shield)
rNeg     . . .     Faith    .   c - +0 gold dragon scales
rPois    +         Spirit   .   (no helmet)
rElec    .         Reflect  .   (no cloak)
rCorr    +         Harm     +   (no gloves)
MR       .....                  (no boots)
Stlth    ..........             g - amulet of harm
HPRegen  0.18/turn              h - +4 ring of dexterity
MPRegen  0.14/turn              n - ring of resist corrosion

@: paralysed
A: distributed training, fangs 1, strong nose
a: Renounce Religion


You were on level 4 of the Dungeon.
You worshipped Makhleb.
Makhleb was noncommittal.
You were not hungry.

You visited 1 branch of the dungeon, and saw 4 of its levels.
You also visited: Sewer.

You collected 158 gold pieces.

Inventory:

Hand Weapons
 a - a +1 falchion (weapon)
 j - a +0 hunting sling
 m - a -3 whip
 p - a +0 hand crossbow
Missiles
 e - 4 boomerangs (quivered)
 l - 53 stones
Armour
 b - a +0 leather armour
 c - +0 gold dragon scales (worn)
Jewellery
 g - an amulet of harm (around neck)
 h - a +4 ring of dexterity (left hand)
 i - a cursed ring of teleportation {unknown}
 n - a ring of resist corrosion (right hand)
Scrolls
 k - 2 scrolls of identify
 r - a scroll of teleportation
 s - a scroll of blinking {unknown}
 v - a scroll of fear {unknown}
Potions
 o - 2 potions of heal wounds
 q - 5 potions of flight {unknown}
 t - a potion of might {unknown}
 u - a potion of haste {unknown}
Comestibles
 d - 6 rations
 f - 4 chunks of flesh


   Skills:
 + Level 5.1 Fighting
 + Level 2.1 Short Blades
 + Level 5.1 Long Blades
 + Level 2.1 Axes
 + Level 2.1 Maces & Flails
 + Level 2.1 Polearms
 + Level 2.1 Staves
 + Level 2.1 Slings
 + Level 2.1 Bows
 + Level 2.1 Crossbows
 + Level 2.1 Throwing
 + Level 3.4 Armour
 + Level 5.1 Dodging
 + Level 2.1 Stealth
 + Level 2.1 Shields
 + Level 2.1 Unarmed Combat
 + Level 5.4 Spellcasting
 + Level 1.7 Conjurations
 + Level 1.7 Hexes
 + Level 5.7 Charms
 + Level 1.7 Summonings
 + Level 1.7 Necromancy
 + Level 1.7 Translocations
 + Level 1.7 Transmutations
 + Level 1.7 Fire Magic
 + Level 1.7 Ice Magic
 + Level 1.7 Air Magic
 + Level 1.7 Earth Magic
 + Level 1.7 Poison Magic
 + Level 2.4 Invocations
 + Level 2.1 Evocations


You had 11 spell levels left.
You knew the following spells:

 Your Spells              Type           Power        Failure   Level  Hunger
a - Infusion              Chrm           ###.         100%        1    None
b - Shroud of Golubria    Chrm/Tloc      ###...       100%        2    #......
c - Song of Slaying       Chrm           ###.....     100%        2    #......

Your spell library contained the following spells:

 Spells                   Type           Power        Failure   Level  Hunger
 Regeneration             Chrm/Necr      ###.......   100%        3    ###....
 Spectral Weapon          Hex/Chrm       ###.....     100%        3    ###....


Dungeon Overview and Level Annotations

Branches:
Dungeon (4/15)
 Temple: D:4-7

Altars:
Makhleb

Annotations:
D:4 Grinder


Innate Abilities, Weirdness & Mutations

Your experience applies equally to all skills.
You have very sharp teeth.
Your uncanny sense of smell can sniff out nearby items.


Message History

Huge Dmg: -27%(-15hp) hp: 9%(5hp) Throwing (i - inventory. (/) - cycle)
e - 4 boomerangs (quivered)
Press: ? - help, Shift-Dir - straight line, f/p - Grinder
Aim: Grinder (almost dead)
You throw a boomerang. The boomerang closely misses Grinder.
You aren't carrying any items that you can evoke.
Throwing (i - inventory. (/) - cycle)
e - 4 boomerangs (quivered)
Press: ? - help, Shift-Dir - straight line, f/p - Grinder
Aim: Grinder (almost dead)
You throw a boomerang. The boomerang barely misses Grinder.
Throwing (i - inventory. (/) - cycle)
e - 4 boomerangs (quivered)
Press: ? - help, Shift-Dir - straight line, f/p - Grinder
Aim: Grinder (almost dead)
You throw a boomerang. The boomerang hits Grinder.
Grinder is almost dead.
Grinder gestures at you.
You suddenly lose the ability to move!
Grinder gestures at you. Pain shoots through your body!
You die...

.............................#
##'######...########...#######
#.....# #...####..#######....#
.......#...........#.....>...#
.......#...........#.........#
.......# ..........#.........#
.......# ..........#...##....#
.......#...........#...###+###
.......#......5.@..#.()....[.#
#.......>)[.'.........#
....##+##[##'####....#
##..##.##.##...##....#
##..............##....#
................##....# ###
####...................#
#≈###≈≈##+.................#
#.'≈≈≈≈≈≈#.................#


You could see Grinder.

Vanquished Creatures
  Purgy (Sewer)
  2 ogres
  An orc priest (D:4)
  A worker ant (D:4)
  A worker ant zombie (D:4)
  3 adders
  A river rat (D:4)
  2 dart slugs (D:2)
  4 leopard geckos
  10 orcs
  4 bats
  6 giant cockroaches
  3 goblins
  5 hobgoblins
  8 kobolds
  A quokka (D:2)
  2 ball pythons (Sewer)
  9 frilled lizards
  4 rats
68 creatures vanquished.

Notes
Turn   | Place    | Note
-------+----------+-------------------------------------------
     0 | D:1      | Lexodia the Gnoll Skald began the quest for the Orb.
     0 | D:1      | Reached XP level 1. HP: 20/20 MP: 6/6
   100 | D:1      | Reached XP level 2. HP: 26/26 MP: 7/7
   108 | D:1      | Learned a level 2 spell: Shroud of Golubria
   111 | D:1      | Learned a level 2 spell: Song of Slaying
   701 | D:2      | Huge Dmg: 4 dmg
   706 | D:2      | Reached skill level 5 in Spellcasting
   706 | D:2      | Reached XP level 3. HP: 16/31 MP: 7/9
   934 | D:2      | Reached skill level 1 in Invocations
   966 | D:2      | Huge Dmg: 9 dmg
  1052 | D:2      | Huge Dmg: 6 dmg
  1063 | D:2      | Huge Dmg: 3 dmg
  1087 | D:2      | Reached skill level 1 in Short Blades
  1087 | D:2      | Reached skill level 1 in Axes
  1087 | D:2      | Reached skill level 1 in Maces & Flails
  1087 | D:2      | Reached skill level 1 in Polearms
  1087 | D:2      | Reached skill level 1 in Staves
  1087 | D:2      | Reached skill level 1 in Slings
  1087 | D:2      | Reached skill level 1 in Bows
  1087 | D:2      | Reached skill level 1 in Crossbows
  1087 | D:2      | Reached skill level 1 in Throwing
  1087 | D:2      | Reached skill level 1 in Stealth
  1087 | D:2      | Reached skill level 1 in Shields
  1087 | D:2      | Reached skill level 1 in Unarmed Combat
  1087 | D:2      | Reached skill level 1 in Evocations
  1101 | D:2      | Reached XP level 4. HP: 32/38 MP: 11/11
  1453 | D:2      | Noticed an ogre
  1467 | D:2      | Huge Dmg: 7 dmg
  1473 | D:2      | Huge Dmg: 16 dmg
  1482 | D:2      | Huge Dmg: 12 dmg
  1483 | D:2      | Killed an ogre
  1483 | D:2      | Reached skill level 1 in Conjurations
  1483 | D:2      | Reached skill level 1 in Hexes
  1483 | D:2      | Reached skill level 1 in Summonings
  1483 | D:2      | Reached skill level 1 in Necromancy
  1483 | D:2      | Reached skill level 1 in Translocations
  1483 | D:2      | Reached skill level 1 in Transmutations
  1483 | D:2      | Reached skill level 1 in Fire Magic
  1483 | D:2      | Reached skill level 1 in Ice Magic
  1483 | D:2      | Reached skill level 1 in Air Magic
  1483 | D:2      | Reached skill level 1 in Earth Magic
  1483 | D:2      | Reached skill level 1 in Poison Magic
  1483 | D:2      | Reached XP level 5. HP: 25/43 MP: 12/12
  1997 | D:3      | You fall into a shaft and drop 1 floor!
  2002 | D:4      | Huge Dmg: 9 dmg
  2006 | D:4      | Huge Dmg: 18 dmg
  2008 | D:4      | Huge Dmg: 9 dmg
  2009 | D:4      | Huge Dmg: 12 dmg
  2013 | D:4      | Huge Dmg: 15 dmg
  2028 | D:4      | Huge Dmg: 5 dmg
  2050 | D:4      | Huge Dmg: 3 dmg
  2161 | D:4      | Found a burning altar of Makhleb.
  2170 | D:4      | Became a worshipper of Makhleb the Destroyer
  2257 | D:4      | Noticed an ogre
  2267 | D:4      | Killed an ogre
  2267 | D:4      | Reached XP level 6. HP: 42/50 MP: 14/14
  2329 | D:4      | Reached skill level 5 in Fighting
  2329 | D:4      | Reached skill level 5 in Long Blades
  2329 | D:4      | Reached skill level 5 in Dodging
  2373 | D:4      | Found a glowing drain.
  2377 | Sewer    | Entered a sewer
  2437 | Sewer    | Noticed Purgy
  2461 | Sewer    | Killed Purgy
  2461 | Sewer    | Reached XP level 7. HP: 22/56 MP: 15/15
  2618 | D:4      | Noticed Grinder
  2618 | D:4      | Paralysed by Grinder for 4 turns
  2630 | D:4      | Huge Dmg: 15 dmg
  2633 | D:4      | Huge Dmg: 10 dmg
  2638 | D:4      | Huge Dmg: 15 dmg
  2640 | D:4      | Paralysed by Grinder for 4 turns
  2641 | D:4      | Killed from afar by Grinder

Levels and vault maps discovered:
D:1:      dpeg_arrival_ternary, layout_basic
D:2:      layout_loops_corners, corner_web_ring
D:3:      layout_basic, nicolae_dithmenos_shadow_blocks
D:4:      layout_gridville, old_standard_altar, gup_sewer_entry_bowl,
          uniq_grinder

Skill      XL: |  1  2  3  4  5  6 |
---------------+-------------------+-----
Spellcasting   | 5 |  5.4
Invocations    | 1 2 |  2.4
Short Blades   | 1 2 |  2.1
Axes           | 1 2 |  2.1
Maces & Flails | 1 2 |  2.1
Polearms       | 1 2 |  2.1
Staves         | 1 2 |  2.1
Slings         | 1 2 |  2.1
Bows           | 1 2 |  2.1
Crossbows      | 1 2 |  2.1
Throwing       | 1 2 |  2.1
Stealth        | 1 2 |  2.1
Shields        | 1 2 |  2.1
Unarmed Combat | 1 2 |  2.1
Evocations     | 1 2 |  2.1
Conjurations   | 1 |  1.7
Hexes          | 1 |  1.7
Summonings     | 1 |  1.7
Necromancy     | 1 |  1.7
Translocations | 1 |  1.7
Transmutations | 1 |  1.7
Fire Magic     | 1 |  1.7
Ice Magic      | 1 |  1.7
Air Magic      | 1 |  1.7
Earth Magic    | 1 |  1.7
Poison Magic   | 1 |  1.7
Armour         | 3 |  3.4
Fighting       | 5 |  5.1
Long Blades    | 5 |  5.1
Dodging        | 5 |  5.1
Charms         | |  5.7

Action                   |  1- 3 |  4- 6 |  7- 9 || total
-------------------------+-------+-------+-------++-------
Melee: Falchion          |    60 |    93 |    19 ||   172
       Whip              |   160 |   154 |       ||   314
       Bite              |    28 |    30 |     3 ||    61
       Punch             |       |     1 |       ||     1
Throw: Stone             |     1 |    13 |       ||    14
       Boomerang         |       |     4 |    10 ||    14
       Throwing net      |       |     3 |       ||     3
 Cast: Infusion          |     1 |       |       ||     1
  Use: Scroll            |     4 |     1 |       ||     5
       Potion            |     2 |     4 |       ||     6
  Eat: Chunk             |     1 |     5 |     1 ||     7
Armor: Gold dragon scale |   220 |   276 |     9 ||   505
       Leather armour    |     1 |       |       ||     1
       Skin              |    12 |     7 |       ||    19
Dodge: Dodged            |    13 |    21 |       ||    34
       Rpst.: Falchion   |       |     2 |       ||     2

Table legend:
 A = Non-vault XP
 B = Vault XP
 C = Vault XP percentage of total XP
 D = Non-vault monster count
 E = Vault monster count
 F = Vault count percentage of total count
                 A         B        C        D         E       F
            +---------+---------+-------+---------+---------+-------
      Total |     464 |     169 |  26.7 |      56 |      12 |  17.6
            +---------+---------+-------+---------+---------+-------
        D:1 |      28 |       0 |   0.0 |      15 |       0 |   0.0
        D:2 |     200 |       0 |   0.0 |      29 |       0 |   0.0
        D:4 |     236 |      19 |   7.5 |      12 |       3 |  20.0
      Sewer |       0 |     150 | 100.0 |       0 |       9 | 100.0
            +---------+---------+-------+---------+---------+-------
